[Event "Early-Titled-Tuesday-Blitz-June-18-2024"]
[Site "Chess.com"]
[Date "2024.06.18"]
[Round "5"]
[White "TimurDushatov"]
[Black "DonCiao"]
[Result "1-0"]
[WhiteElo "2363"]
[BlackElo "2098"]
[TimeControl "180+1"]
[EndTime "8:58:48 PDT"]
[Termination "TimurDushatov won by checkmate"]

1. e4 c5 2. Nf3 Nc6 3. Bb5 Nf6 4. e5 Nd5 5. Nc3 Nc7 6. Bxc6 dxc6 7. d3 g6 8. O-O Bg7 9. h3 Ne6 10. Ne4 b6 11.
Neg5 h6 12. Nxe6 Bxe6 13. Be3 O-O 14. Qd2 Kh7 15. Bf4 Bd5 16. Qe3 Qd7 17. Rfd1 g5 18. Bg3 Qf5 19. Nd2 Rad8 20. c4 Be6 21. Ne4 Qg6 22. a4 a5 23. f3 Bf5 24. Ra3 Rd4 25. Rb3 Rb8 26. Nxc5 Rbd8 27. Ne4 b5 28. axb5 cxb5 29.
cxb5 Bxe4 30. fxe4 Rxe4 31. Qxe4 Qxe4 32. dxe4 Rxd1+ 33. Kf2 Rd2+ 34. Ke1 Rd7 35. b6 Rb7 36. e6 fxe6 37. Bc7 Bd4 38. Rb5 a4 39. Kd2 e5 40.
Kd3 Kg6 41. Kc4 Kf6 42. Kb4 Bxb2 43. Kxa4 Bd4 44. Ka5 Bxb6+ 45. Rxb6+ Rxb6 46. Kxb6 g4 47. h4 g3 48. Bd8 Ke6 49. Kc6 h5 50. Kc7 Kf6 51.
Kd7 Kg6 52. Bxe7 Kh6 53. Kd6 Kg6 54. Bg5 Kf7 55. Kxe5 Kg6 56. Ke6 Kg7 57. Kf5 Kf7 58. e5 Ke8 59. e6 Kf8 60. Kg6 Ke8 61. Kxh5 Kf8 62. Kg4 Ke8 63. h5 Kf8 64. Bf6 Kg8 65. h6 Kh7 66. Kh5 Kg8 67. Kg6 Kf8 68. h7 Ke8 69. h8=Q# 1-0

[Event "Early-Titled-Tuesday-Blitz-June-18-2024"]
[Site "Chess.com"]
[Date "2024.06.18"]
[Round "5"]
[White "Revan_2002"]
[Black "Vladimir_Zakhartsov"]
[Result "0-1"]
[WhiteElo "2733"]
[BlackElo "2908"]
[TimeControl "180+1"]
[EndTime "8:58:49 PDT"]
[Termination "Vladimir_Zakhartsov won by resignation"]

1. d4 Nf6 2. c4 e6 3. Nf3 c5 4. d5 exd5 5. cxd5 b5 6. Bg5 d6 7. e4 a6 8. a4 Be7 9. Bxf6 Bxf6 10.
axb5 Bxb2 11. Ra2 Bf6 12. Nbd2 O-O 13. Bd3 Bb7 14. O-O axb5 15. Rxa8 Bxa8 16. Bxb5 Nd7 17. Qa4 Nb6 18. Qa5 Qc7 19. Nc4 Rb8 20. Nxb6 Qxb6 21. Qxb6 Rxb6 22. Rb1 Bc3 23. Bd3 Rb4 24. Rxb4 cxb4 25.
Bc4 h6 26. Kf1 g6 27. Ke2 Kg7 28. Kd3 Bb7 29. Nd4 Bxd4 30. Kxd4 f5 31. exf5 gxf5 32.
f4 Kf6 33. g3 Bc8 34. Bb5 Bb7 35. Kc4 b3 36. Kxb3 Bxd5+ 37. Kc3 Bf3 38. Kd4 Be4 39. Bd3 Bxd3 40. Kxd3 Ke6 41. Kd4 Ke7 42. Kc4 Kd8 43. Kd4 Kc7 44. Kc4 Kc6 45. Kd4 h5 46. h3 d5 47. g4 hxg4 48. hxg4 fxg4 49. f5 Kd6 0-1

[Event "Early-Titled-Tuesday-Blitz-June-18-2024"]
[Site "Chess.com"]
[Date "2024.06.18"]
[Round "5"]
[White "DenishevM"]
[Black "Eagle_2019"]
[Result "0-1"]
[WhiteElo "2648"]
[BlackElo "2859"]
[TimeControl "180+1"]
[EndTime "8:58:49 PDT"]
[Termination "Eagle_2019 won by checkmate"]

1. Nf3 d5 2. b3 Nc6 3. Bb2 Bg4 4. e3 e5 5. Be2 e4 6. Nd4 Bxe2 7. Nxe2 Nf6 8. d3 Bd6 9. Nd2 Qe7 10. Ng3 Qe6 11. dxe4 Nxe4 12. Ngxe4 dxe4 13. O-O O-O-O 14. Qe2 Bxh2+ 15. Kxh2 Qd6+ 16. Kg1 Qxd2 17. Qg4+ Kb8 18. Qxe4 f6 19. a4 Rde8 20. Qc4 Qd6 21. Rad1 Qe7 22. Rd5 h5 23. Rfd1 Rd8 24. a5 Nxa5 25. Qf4 Nc6 26. c4 a6 27. Bc3 h4 28. b4 Rxd5 29.
cxd5 Ne5 30. b5 axb5 31. d6 cxd6 32. Bb4 Nc4 33. Rd5 Qd7 34. Qd4 h3 35. Bxd6+ Nxd6 36.
Rxd6 Qc7 37. gxh3 Rc8 38. Rd7 Qc1+ 39. Kh2 Qc5 40. Qd3 Qe5+ 41. f4 Qb2+ 42. Kg3 Qb4 43. Qd5 Qe1+ 44. Kg4 Qe2+ 45. Kf5 Qh5+ 46. Ke6 Qe8+ 47. Kf5 Qh5+ 48. Ke4 Rc4+ 49. Kd3 Qd1# 0-1

[Event "Early-Titled-Tuesday-Blitz-June-18-2024"]
[Site "Chess.com"]
[Date "2024.06.18"]
[Round "5"]
[White "SicilianPanzer"]
[Black "Oleg_Papayan"]
[Result "0-1"]
[WhiteElo "2336"]
[BlackElo "2569"]
[TimeControl "180+1"]
[EndTime "8:58:49 PDT"]
[Termination "Oleg_Papayan won by checkmate"]

1. d4 d5 2. c3 Nf6 3. Nf3 e6 4. Bf4 c5 5. e3 Qb6 6. Qb3 c4 7. Qc2 Nc6 8. Nbd2 Nh5 9. Bg3 Nxg3 10. hxg3 g6 11. b3 cxb3 12. axb3 Bg7 13. Be2 Bd7 14. O-O Rc8 15. Qb2 O-O 16. e4 dxe4 17. Nxe4 e5 18. d5 Ne7 19. c4 f5 20. Nc3 e4 21. Ng5 Nxd5 22. Nxd5 Bxb2 23. Nxb6 axb6 24. Rab1 Bf6 25. Rfd1 Rfd8 26. Nh3 g5 27. Rd6 Be7 28. Rxb6 Bc6 29. b4 Rd2 30. b5 Bc5 31. bxc6 Bxb6 32. cxb7 Rb8 33. Bd1 Rxb7 34. c5 Bxc5 35. Rxb7 Rxd1+ 36. Kh2 h6 37. Rc7 Bd6 38. Rc6 Kg7 39. Ng1 Rd2 40.
Ra6 Bc5 41. Nh3 Bxf2 42. Nxf2 Rxf2 43. Ra7+ Kg6 44. g4 f4 45. Ra6+ Kg7 46. Ra7+ Kf8 47.
Ra8+ Ke7 48. Rh8 e3 49. Kg1 Rc2 50. Kf1 Rc1+ 51. Ke2 Rg1 52. Kf3 Rf1+ 53. Ke2 Rf2+ 54. Ke1 Rxg2 55. Rxh6 f3 56. Rg6 Rg1# 0-1

[Event "Early-Titled-Tuesday-Blitz-June-18-2024"]
[Site "Chess.com"]
[Date "2024.06.18"]
[Round "5"]
[White "snowlord"]
[Black "K_A_S_T_O_R"]
[Result "1-0"]
[WhiteElo "2974"]
[BlackElo "2837"]
[TimeControl "180+1"]
[EndTime "8:58:50 PDT"]
[Termination "snowlord won by resignation"]

1. d4 Nf6 2. c4 e6 3. e3 c5 4. d5 exd5 5. cxd5 d6 6. Nc3 g6 7.
Be2 a6 8. a4 Bg7 9. Nf3 Bg4 10.
O-O Bxf3 11. Bxf3 O-O 12. e4 Nbd7 13. Re1 Re8 14. Ra3 Rb8 15. a5 h5 16. Bf4 Qc7 17.
h3 Nh7 18. Qb1 b5 19. axb6 Rxb6 20. Qa2 Qb7 21. Na4 Bxb2 22. Nxb6 Bxa3 23. Nxd7 Bb4 24. Nxc5 Bxc5 25. Rb1 Qa7 26. Ra1 Nf6 27. Qc2 a5 28. Qa4 Bxf2+ 29. Kf1 Bd4 30. Qxa5 Qe7 31. Rd1 Be5 32. Bg5 Rb8 33. Kg1 Kg7 34. Qd2 Rb2 35.
Qe3 Qc7 36. Rf1 Qc2 37. Qc1 Qb3 38. Bh6+ Kh7 39. Bg5 Nd7 40. Kh1 Qc2 41. Qxc2 Rxc2 42. Bd1 Rc7 43. Rxf7+ Kg8 44. Re7 Rb7 45. g4 Rb1 46.
Rxd7 Rxd1+ 47. Kg2 hxg4 48. hxg4 Rd3 49. Bh4 Re3 50. Be7 Rxe4 51. Bxd6 Rxg4+ 52. Kf3 Rf4+ 53. Ke3 Bxd6 54. Rxd6 Rg4 55. Rf6 Kg7 56. Rf1 Rb4 57. d6 Rb6 58. Rd1 Rb8 59. Ke4 Kf6 60. Kd5 g5 61. Rf1+ Kg6 62. d7 Rd8 63. Ke6 g4 64. Ke7 Rxd7+ 65. Kxd7 Kg5 66. Ke6 g3 67. Ke5 Kg4 68. Ke4 g2 69. Rg1 Kg3 70. Ke3 1-0

[Event "Early-Titled-Tuesday-Blitz-June-18-2024"]
[Site "Chess.com"]
[Date "2024.06.18"]
[Round "5"]
[White "SirStrateg"]
[Black "Sam_ChessMood"]
[Result "1-0"]
[WhiteElo "2700"]
[BlackElo "2935"]
[TimeControl "180+1"]
[EndTime "8:58:50 PDT"]
[Termination "SirStrateg won by resignation"]

1. d4 Nf6 2. Bg5 d5 3. Bxf6 gxf6 4. e3 c5 5. dxc5 Nc6 6. Nf3 e5 7. Nbd2 Bxc5 8. a3 a5 9. Be2 Rg8 10. O-O Bh3 11. Ne1 Qd7 12. Kh1 Be6 13. Nef3 e4 14. Nh4 f5 15. g3 d4 16. Nb3 Bb6 17. Nxd4 Nxd4 18. exd4 Qxd4 19. Bb5+ Ke7 20. Qh5 Qf6 21. c3 Rg5 22. Qe2 f4 23. Bc4 Re5 24. Bxe6 Qxe6 25. gxf4 Rd5 26. f5 Qf6 27. Qxe4+ Qe5 28.
Qg4 Kd7 29. Rad1 Rxd1 30. Rxd1+ Kc7 31. Qg3 Re8 32. Nf3 Qxg3 33. fxg3 Re2 34. b4 a4 35. c4 Be3 36. Rd3 Bc1 37. Nd4 Ra2 38. Nb5+ Kc8 39. c5 Rc2 40. Kg1 Bb2 41. g4 f6 42. h4 Be5 43. g5 Rc4 44. gxf6 Rg4+ 45.
Kf2 Bxf6 46. Kf3 Rxh4 47. Nd6+ Kb8 48. Ne4 Rh3+ 49. Ke2 Rxd3 50. Kxd3 Bb2 51. f6 Kc7 52. f7 Bg7 53. Ng5 h5 54. Ne6+ 1-0

[Event "Early-Titled-Tuesday-Blitz-June-18-2024"]
[Site "Chess.com"]
[Date "2024.06.18"]
[Round "5"]
[White "FARIZA2018"]
[Black "HelenaWalker2912"]
[Result "1-0"]
[WhiteElo "2600"]
[BlackElo "2414"]
[TimeControl "180+1"]
[EndTime "8:58:50 PDT"]
[Termination "FARIZA2018 won on time"]

1. e4 c6 2. d4 d5 3. Nc3 dxe4 4. Nxe4 Nf6 5. Qd3 g6 6. Nxf6+ exf6 7. Nf3 Na6 8. a3 Bd6 9. Be2 O-O 10. Be3 Re8 11. h4 h5 12. O-O-O Bf5 13. Qd2 Nc7 14. Bd3 Bg4 15.
Rde1 Nd5 16. Nh2 Qd7 17. Nxg4 Qxg4 18. Be2 Qf5 19. Bf3 Nxe3 20. fxe3 Rad8 21. Kb1 c5 22. d5 b5 23. Qe2 Bg3 24. Ref1 Qe5 25. e4 f5 26. Qd3 c4 27. Qe3 fxe4 28. Be2 Rxd5 29. Rh3 Bh2 30. g3 Qd4 31. Qxd4 Rxd4 32. Rxh2 f5 33. Rhf2 Kg7 34. Kc1 Red8 35. Bd1 Kf6 36. c3 Rd3 37. Bc2 Re3 38. Rf4 Rxg3 39. Bxe4 Ke5 40. Bc2 Rg4 41. Rxg4 hxg4 42. h5 Rf8 43.
hxg6 f4 44. g7 Rg8 45. Re1+ Kf6 46. Re4 Kg5 47. Re5+ Kh4 48. Rf5 f3 49. Rf7 Kg3 50. Bh7 1-0

[Event "Early-Titled-Tuesday-Blitz-June-18-2024"]
[Site "Chess.com"]
[Date "2024.06.18"]
[Round "5"]
[White "FredddieCroderg"]
[Black "Nadtkins"]
[Result "1-0"]
[WhiteElo "2329"]
[BlackElo "2545"]
[TimeControl "180+1"]
[EndTime "8:58:50 PDT"]
[Termination "FredddieCroderg won on time"]

1. e4 c5 2. Bc4 e6 3. Qf3 Nc6 4. d3 a6 5. Nc3 b5 6. Bb3 Bb7 7. Nge2 Qc7 8. Bf4 Bd6 9. Bxd6 Qxd6 10. Qg3 Qxg3 11. hxg3 Nf6 12. a4 b4 13. Nd1 O-O-O 14. Ne3 d5 15. exd5 exd5 16. Nf4 Nd4 17. Kd2 h5 18.
Rhe1 g6 19. Rad1 c4 20. Ba2 Bc6 21. dxc4 dxc4 22. Bxc4 Nf3+ 23. Kc1 Nxe1 24. Bxa6+ Bb7 25. Bxb7+ Kxb7 26. Rxe1 Rhe8 27. Re2 Kc6 28. Kb1 Ne4 29. Ka2 Nc5 30. b3 Ne4 31. Kb2 Nc3 32. Re1 Rd2 33.
Nd3 Nd5 34. Kc1 Rxf2 35. Nxf2 Rxe3 36. Rxe3 Nxe3 37. Nd3 Nxg2 38. Nxb4+ Kd6 39. a5 g5 40.
Kd2 h4 41. gxh4 gxh4 42. Ke2 Nf4+ 43. Kf2 h3 44. Kg3 f5 45. a6 Kc7 46. c4 Ne2+ 47. Kxh3 Nd4 48. Nd5+ Kb8 49. b4 Ka7 50. b5 Nf3 51.
Ne7 Ne5 52. c5 f4 53. Kg2 Nd7 54. c6 1-0

[Event "Early-Titled-Tuesday-Blitz-June-18-2024"]
[Site "Chess.com"]
[Date "2024.06.18"]
[Round "5"]
[White "DenLaz"]
[Black "DarkAlekhine"]
[Result "1-0"]
[WhiteElo "3090"]
[BlackElo "2740"]
[TimeControl "180+1"]
[EndTime "8:58:51 PDT"]
[Termination "DenLaz won by resignation"]

1. d4 Nf6 2. c4 g6 3. g3 Bg7 4. Bg2 O-O 5. Nc3 d6 6. Nf3 Nbd7 7. O-O e5 8. e4 exd4 9. Nxd4 Re8 10. h3 Nc5 11. Re1 Bd7 12. Rb1 h6 13. b3 a5 14.
Bb2 c6 15. Qd2 Qb6 16. Ba1 Rad8 17. Kh2 h5 18. f3 Bc8 19. Nc2 Nh7 20. Ne2 Bxa1 21.
Rxa1 d5 22. cxd5 cxd5 23. exd5 Bf5 24. Ned4 Bxc2 25. Nxc2 h4 26. gxh4 Nf6 27. Rxe8+ Rxe8 28. Re1 Qd6+ 29. Kg1 Rxe1+ 30. Nxe1 Qxd5 31. Qe3 b6 32. f4 Qf5 33. Qe5 Qxe5 34. fxe5 Nfd7 35. Kf2 Nxe5 36. Ke3 f6 37. Nf3 Nxf3 38. Bxf3 Kf7 39. h5 g5 40.
Bg4 Ne6 41. Ke4 Nf4 42. h4 Kg7 43. hxg5 fxg5 44. Ke5 Kh6 45. Kd6 Nxh5 46. Kc6 Nf6 47. Be2 g4 48. Bxg4 Nxg4 49. Kxb6 Ne5 50. Kxa5 Kg5 51.
Kb6 Kf6 52. Kc7 Ke6 53. b4 Kd5 54. b5 Nc4 55. b6 Nxb6 56. Kxb6 Kc4 57. a4 1-0

[Event "Early-Titled-Tuesday-Blitz-June-18-2024"]
[Site "Chess.com"]
[Date "2024.06.18"]
[Round "5"]
[White "profedechess93"]
[Black "AlphaPerseii"]
[Result "1-0"]
[WhiteElo "2596"]
[BlackElo "2394"]
[TimeControl "180+1"]
[EndTime "8:58:51 PDT"]
[Termination "profedechess93 won by resignation"]

1. e4 c6 2. d4 d5 3. Nc3 dxe4 4. Nxe4 Bf5 5. Ng3 Bg6 6. h4 h6 7. h5 Bh7 8. Nf3 Nf6 9. Bd3 Bxd3 10.
Qxd3 Nbd7 11. Bd2 e6 12. O-O-O Qc7 13. Qe2 O-O-O 14. Ne5 Nxe5 15. dxe5 Nd7 16. f4 Be7 17. Ne4 Nc5 18. g4 Rd5 19. c4 Rd7 20. Bc3 Rhd8 21. Nxc5 Bxc5 22. f5 Bd4 23. Rxd4 Rxd4 24. Bxd4 Rxd4 25.
Rf1 Qe7 26. Kb1 Qg5 27. Qf2 Qxg4 28. fxe6 Rd1+ 29. Kc2 Rxf1 30. Qxf1 Qxe6 31. Qf4 Kd7 32. Qd4+ Kc7 33. a4 Qf5+ 34. Kb3 Qe6 35. a5 b6 36. Ka4 Qd7 37. Qf4 Qe6 38. Qg3 Qxc4+ 39. Ka3 Qc5+ 40. b4 Qc1+ 41. Kb3 Qg5 42. Qf3 Qe7 43.
Qg3 Qe6+ 44. Ka3 bxa5 45. bxa5 Qe7+ 46. Kb3 c5 47. e6+ Kc6 48. Qf3+ Kb5 49. exf7 c4+ 50. Kc2 Qf8 51. Qd5+ Kb4 52. Qb7+ Ka4 53. Qc6+ 1-0

[Event "Early-Titled-Tuesday-Blitz-June-18-2024"]
[Site "Chess.com"]
[Date "2024.06.18"]
[Round "5"]
[White "PeshkaCh"]
[Black "dosto07"]
[Result "1/2-1/2"]
[WhiteElo "2854"]
[BlackElo "2622"]
[TimeControl "180+1"]
[EndTime "8:58:53 PDT"]
[Termination "Game drawn - insufficient material"]

1. Nf3 d5 2. d4 Nf6 3. c4 dxc4 4. e3 e6 5. Bxc4 c5 6. O-O a6 7.
a4 Nc6 8. Nc3 cxd4 9. exd4 Be7 10.
Re1 O-O 11. Bg5 Nb4 12. Ne5 Bd7 13. Qb3 a5 14. Rad1 Bc6 15. Bxf6 Bxf6 16. d5 exd5 17. Nxd5 Bxd5 18. Bxd5 Nxd5 19. Rxd5 Qe7 20. Rd7 Qb4 21. Qxb4 axb4 22. Rxb7 Rxa4 23. b3 Ra3 24. Nd7 Bc3 25. Rd1 Rfa8 26. Nc5 Ra1 27. Rd7 g6 28. Na4 Rxd1+ 29.
Rxd1 Bf6 30. g3 Rc8 31. Nb6 Rc2 32. Nd5 Bc3 33. Rd3 Be1 34. Rf3 Kg7 35. Kf1 Bc3 36.
Kg2 Bd2 37. h4 h5 38. Rd3 Bc3 39. Rf3 Be1 40. Ne3 Rc3 41. Nc4 Rc2 42. Nd6 f5 43. Nc4 Bc3 44. Ne3 Rb2 45. Nd5 Rxb3 46. Nxb4 Rxb4 47.
Rxc3 Rb7 48. Rc6 Rf7 49. Kf3 Rf6 50. Rc7+ Rf7 51. Rxf7+ Kxf7 52. Kf4 Kf6 53. f3 Kf7 54. Kg5 Kg7 55. Kf4 Kf6 56. g4 fxg4 57. fxg4 hxg4 58. Kxg4 Kf7 59. Kg5 Kg7 60. h5 gxh5 61. Kxh5 1/2-1/2

[Event "Early-Titled-Tuesday-Blitz-June-18-2024"]
[Site "Chess.com"]
[Date "2024.06.18"]
[Round "5"]
[White "Sanyura"]
[Black "NikolaGry"]
[Result "1-0"]
[WhiteElo "2522"]
[BlackElo "2684"]
[TimeControl "180+1"]
[EndTime "8:58:53 PDT"]
[Termination "Sanyura won by resignation"]

1. e4 d5 2. exd5 Nf6 3. Nf3 Nxd5 4. d4 Bf5 5. Be2 e6 6. a3 Be7 7. c4 Nb6 8. Nc3 O-O 9. O-O a5 10. Bf4 Nc6 11. d5 exd5 12. cxd5 Na7 13. Rc1 Re8 14. Nd4 Bg6 15. Ndb5 Nxb5 16. Bxb5 Rf8 17. Qf3 Bd6 18. Be3 Nc4 19. Bxc4 Qh4 20. g3 Qxc4 21.
Rfe1 Rfe8 22. Bf4 h6 23. Bxd6 cxd6 24. Qf4 Qa6 25. a4 Bd3 26. Qd4 Qc4 27. Qb6 Qb4 28. Rxe8+ Rxe8 29. Qxb4 axb4 30. Na2 b3 31. Nc3 Re5 32.
Rd1 Bc2 33. Rd4 Re1+ 34. Kg2 Ra1 35. Rb4 Ra2 36. Rxb7 Rxb2 37. a5 Bd3 38. Rb6 Bc4 39. Rb4 Bd3 40. Kf3 g5 41. Ke3 Bc2 42. a6 Ra2 43. Rb6 Ra5 44. Kd2 Kg7 45. Rxd6 Bf5 46. Rb6 b2 47. Rxb2 Rxa6 48. Ke3 Bg6 49. Kd4 h5 50.
Nb5 Ra4+ 51. Kc5 Bd3 52. d6 Rc4+ 53. Kd5 Rc8 54. Nd4 Bg6 55. Rb7 Rd8 56. Ne6+ Kf6 57. Nxd8 Kf5 58. Nxf7 Kg4 59. Ne5+ 1-0

[Event "Early-Titled-Tuesday-Blitz-June-18-2024"]
[Site "Chess.com"]
[Date "2024.06.18"]
[Round "5"]
[White "mangochessgo"]
[Black "XDPS"]
[Result "0-1"]
[WhiteElo "2666"]
[BlackElo "2880"]
[TimeControl "180+1"]
[EndTime "8:58:54 PDT"]
[Termination "XDPS won on time"]

1. d4 d5 2. Nf3 e6 3. Bf4 Nf6 4.
e3 Bd6 5. Bg3 O-O 6. Nbd2 c5 7.
dxc5 Bxc5 8. Bd3 Nc6 9. O-O Nh5 10. Bh4 Be7 11. Bxe7 Qxe7 12. c4 Nf6 13. a3 Rd8 14. Qe2 Bd7 15. Rac1 Be8 16. Rfd1 Rac8 17. h3 h6 18. Bb1 d4 19. exd4 Nxd4 20. Nxd4 Rxd4 21. Nf3 Rxd1+ 22. Rxd1 Rd8 23. b4 a5 24. c5 axb4 25.
axb4 Rxd1+ 26. Qxd1 Nd5 27. Qd4 Qf6 28. Be4 Qxd4 29.
Nxd4 Nxb4 30. Bxb7 Kf8 31. c6 Nd5 32. Nb5 Nb6 33.
Nd6 Nd5 34. Nb5 Nb6 35. f4 Ke7 36. Kf2 Kd8 37. g4 Nd5 38. Kf3 f6 39. h4 Bg6 40.
g5 Nc7 41. Nd4 Ke7 42. Kg4 Kd6 43. gxh6 gxh6 44. f5 h5+ 45. Kf4 e5+ 46. Ke4 Bf7 47. Ne2 Bd5+ 48. Ke3 Ne8 49. Ng3 Ng7 50. Ne4+ Ke7 51.
Ba8 Nxf5+ 52. Kd3 Bxe4+ 53. Kxe4 Nd6+ 54. Kd5 e4 55. Kd4 f5 56. c7 Kd7 0-1

[Event "Early-Titled-Tuesday-Blitz-June-18-2024"]
[Site "Chess.com"]
[Date "2024.06.18"]
[Round "5"]
[White "TheBigBoss04"]
[Black "Shuvalov"]
[Result "1-0"]
[WhiteElo "2809"]
[BlackElo "2607"]
[TimeControl "180+1"]
[EndTime "8:58:54 PDT"]
[Termination "TheBigBoss04 won by checkmate"]

1. Nf3 Nf6 2. d4 g6 3. Nc3 Bg7 4. e4 d5 5. Bd3 dxe4 6. Nxe4 Nxe4 7. Bxe4 c5 8. dxc5 Qa5+ 9. c3 Qxc5 10. Be3 Qc7 11. Bd4 e5 12. Be3 O-O 13. O-O Nc6 14. h3 Be6 15. Ng5 Bc4 16. Re1 h6 17. Nf3 Rad8 18.
Qa4 Bd5 19. Bxd5 Rxd5 20. Rad1 Rfd8 21. Rxd5 Rxd5 22. Qc4 Qd7 23. h4 Rd1 24. Qe2 Rxe1+ 25. Qxe1 Qd3 26. Qc1 Kh7 27. Ne1 Qe2 28. Qd2 Qxd2 29.
Bxd2 e4 30. f3 exf3 31. Nxf3 f5 32. Kf2 Kg8 33. Ke3 Kf7 34. Kd3 Ke6 35. Kc4 Ne5+ 36. Nxe5 Kxe5 37. Be3 Ke4 38. Bxa7 Bf6 39. Bf2 f4 40. a4 f3 41. g3 Kf5 42. Kd3 Kg4 43. Ke4 Bd8 44. b4 Bc7 45. a5 Bxg3 46.
Ke3 Bf4+ 47. Kd3 Bg3 48. Bd4 Bxh4 49. b5 Kg3 50. a6 bxa6 51. bxa6 Kg2 52. a7 Bf2 53.
Bxf2 Kxf2 54. a8=Q g5 55. Qa7+ Kg2 56. Ke3 g4 57. Qb7 h5 58. Qe4 Kg3 59. Qf4+ Kg2 60. c4 Kh3 61. c5 h4 62. c6 g3 63. Qxf3 Kh2 64. c7 g2 65. Qf2 h3 66. c8=Q Kh1 67.
Qc1+ Kh2 68. Qcg1# 1-0

[Event "Early-Titled-Tuesday-Blitz-June-18-2024"]
[Site "Chess.com"]
[Date "2024.06.18"]
[Round "5"]
[White "FMalexhdez"]
[Black "Milop27"]
[Result "1/2-1/2"]
[WhiteElo "2300"]
[BlackElo "2433"]
[TimeControl "180+1"]
[EndTime "8:58:54 PDT"]
[Termination "Game drawn by repetition"]

1. e4 c5 2. Nf3 e6 3. d4 cxd4 4. Nxd4 a6 5. c4 Qc7 6. Nc3 Nf6 7.
Nc2 d6 8. Be2 Be7 9. O-O O-O 10.
f3 Nbd7 11. b3 b5 12. Ne3 bxc4 13. Nxc4 Bb7 14. Bb2 d5 15. exd5 exd5 16. Nd2 Bd6 17. g3 Bxg3 18. hxg3 Qxg3+ 19. Kh1 d4 20. Nce4 Qh4+ 21.
Kg1 Nh5 22. Qe1 Qf4 23. Bxd4 f5 24. Bc4+ Kh8 25. Be3 Qe5 26. Ng5 f4 27. Qh4 Qxe3+ 28. Rf2 Ndf6 29. Nf7+ Rxf7 30. Bxf7 Ng3 31. Nf1 Nxf1 32.
Kxf1 a5 33. Re1 Ba6+ 34. Bc4 Bxc4+ 35. bxc4 Qd3+ 36. Kg2 Qxc4 37. Re7 Nd5 38. Rd7 Ne3+ 39. Kh2 Nf1+ 40. Kg2 Ne3+ 41. Kh2 Rg8 42. Qg5 Nf1+ 43. Kg2 Ne3+ 44. Kh2 Qe6 45. Rd8 h6 46. Rxg8+ Kxg8 47. Qxf4 Nd5 48. Qe4 Qd6+ 49. Kg2 Nf4+ 50. Kg3 Ne2+ 51.
Kg2 Qg3+ 52. Kf1 Nf4 53. Qe8+ Kh7 54. Qe4+ Kh8 55. Qe8+ Kh7 56. Qe4+ Kg8 57. Qe8+ Kh7 1/2-1/2

[Event "Early-Titled-Tuesday-Blitz-June-18-2024"]
[Site "Chess.com"]
[Date "2024.06.18"]
[Round "5"]
[White "AljoschaFeuerstack"]
[Black "masterofpuppets2"]
[Result "1-0"]
[WhiteElo "2671"]
[BlackElo "2481"]
[TimeControl "180+1"]
[EndTime "8:58:55 PDT"]
[Termination "AljoschaFeuerstack won on time"]

1. e4 c6 2. d3 d5 3. Nd2 e5 4. Ngf3 Bd6 5. g3 Nf6 6. Bg2 O-O 7. O-O Nbd7 8. Re1 Re8 9. c3 a5 10. a4 Qc7 11. Qc2 b6 12. Nf1 Ba6 13. Bg5 Be7 14. Rad1 Nc5 15. exd5 Nxd5 16. Rxe5 f6 17. Rxd5 cxd5 18.
Bf4 Qd7 19. b3 Rad8 20. Nd4 Bf8 21. h4 Bc8 22. Ne3 Bb7 23. Nb5 Rc8 24. Na7 Ra8 25. Nb5 Rac8 26. Qa2 Kh8 27. Na7 Rcd8 28. Nb5 Ne6 29.
Bh3 Qf7 30. Bxe6 Rxe6 31. Nf5 g6 32. Nfd4 Ree8 33. Bc7 Rc8 34. Bxb6 Bc5 35. Bxa5 Bc6 36. Nxc6 Rxc6 37. d4 Bf8 38. Qd2 Rce6 39. Qd3 Re2 40.
Nc7 R8e7 41. Qf3 R2e4 42. Nb5 Bh6 43. Kg2 Qe6 44. Nc7 Qd6 45. c4 dxc4 46. bxc4 Rxd4 47. Qa8+ Kg7 48. Ne8+ Rxe8 49. Rxd4 Qxd4 50. Qxe8 Qxc4 51.
Qe7+ Kg8 52. Bb4 Qd5+ 53. Kh2 Qc6 54. Qd8+ Kf7 55. Qe7+ Kg8 56. a5 Bg7 57. a6 1-0

[Event "Early-Titled-Tuesday-Blitz-June-18-2024"]
[Site "Chess.com"]
[Date "2024.06.18"]
[Round "5"]
[White "Sondremelaa"]
[Black "KNVB"]
[Result "0-1"]
[WhiteElo "2609"]
[BlackElo "2814"]
[TimeControl "180+1"]
[EndTime "8:58:56 PDT"]
[Termination "KNVB won by resignation"]

1. e4 e5 2. Nf3 Nc6 3. Bc4 Nge7 4. O-O Ng6 5. d4 h6 6. Nc3 d6 7. h3 Be7 8. dxe5 Ncxe5 9. Nxe5 Nxe5 10. Bb3 O-O 11. f4 Nc6 12. Be3 Be6 13. Nd5 Na5 14. f5 Nxb3 15. Nxe7+ Qxe7 16. f6 Qd8 17. axb3 Re8 18.
Qh5 Bd7 19. fxg7 f6 20. Qxh6 Re6 21. Rf3 Rc8 22. Rg3 Kf7 23. Qh5+ Ke7 24. Rf1 Qg8 25. Bd4 Re8 26. Qg6 Kd8 27. Bxf6+ Kc8 28. Bc3 Rxg6 29. Rxg6 b6 30. Rgf6 Qxg7 31. Rxd6 Qe7 32. Rdf6 Qxe4 33.
Kh2 Bc6 34. R1f2 Kb7 35. R6f4 Qd5 36. Rd4 Qg5 37. h4 Qh5 38. Rdf4 Rg8 39. g3 Qd5 40. g4 Qh1+ 41. Kg3 Qg1+ 42. Kh3 Qh1+ 43. Kg3 Qg1+ 44. Kh3 Re8 45. h5 Re3+ 46. Kh4 Qg3+ 47. Kg5 Re6 48.
Rf5 Be4 49. R2f4 Bxf5 50. Rxf5 Re4 51. Kf6 Qxg4 52. h6 Rf4 53. Rxf4 Qxf4+ 54. Kg7 Qg5+ 55. Kh7 Kc6 56. Bg7 Kd7 57. Kg8 Ke8 58. h7 Qd5+ 59.
Kh8 Kf7 60. Bf6 Kxf6 0-1

[Event "Early-Titled-Tuesday-Blitz-June-18-2024"]
[Site "Chess.com"]
[Date "2024.06.18"]
[Round "5"]
[White "Durarbayli"]
[Black "Bigfish1995"]
[Result "1/2-1/2"]
[WhiteElo "2951"]
[BlackElo "3131"]
[TimeControl "180+1"]
[EndTime "8:58:57 PDT"]
[Termination "Game drawn - insufficient material"]

1. e4 d6 2. d4 g6 3. Nc3 Bg7 4. Be3 a6 5. g4 b5 6. Bg2 Bb7 7. h4 b4 8. Nce2 Nf6 9. g5 Nh5 10.
Qd2 a5 11. Bf3 Nd7 12. Bxh5 gxh5 13. Ng3 Rg8 14. f3 c5 15. Nxh5 Bh8 16. Ne2 Qc7 17. c3 Nb6 18. b3 bxc3 19. Nxc3 a4 20. Rc1 axb3 21. axb3 Nd7 22. Nf4 Qa5 23. dxc5 Nxc5 24. Bxc5 dxc5 25. Ncd5 Qd8 26. Rxc5 Be5 27. Rc1 e6 28.
Nf6+ Bxf6 29. gxf6 Qxf6 30. Kf2 Qe5 31. Rhg1 Rxg1 32.
Kxg1 Rd8 33. Qe3 Qf6 34. Ng2 Qb2 35. Rc7 Rd2 36. Qg5 Qd4+ 37. Kh2 Qd6+ 38. Qg3 Ba6 39. Qxd6 Rxd6 40. Nf4 Rb6 41. Rc3 Ke7 42. Kg3 Kd6 43. Nh5 Ke5 44. Rc5+ Kd4 45. Rc7 f5 46. Rd7+ Ke5 47.
exf5 Kxf5 48. Rxh7 Kg6 49. Rh8 Rxb3 50. Nf4+ Kg7 51.
Ra8 Bb7 52. Nxe6+ Kf6 53. Nd4 Rxf3+ 54. Nxf3 Bxa8 55. Ng5 Kg6 56. Kg4 Bb7 57. h5+ Kh6 58.
Nf7+ Kg7 59. Nd6 Bd5 60. Kg5 Bf3 61. h6+ Kh7 62. Nf7 Bd5 63. Ne5 Be6 64. Ng4 Bxg4 65. Kxg4 Kxh6 1/2-1/2

[Event "Early-Titled-Tuesday-Blitz-June-18-2024"]
[Site "Chess.com"]
[Date "2024.06.18"]
[Round "5"]
[White "GiorgianBarbosa"]
[Black "romulocardoso"]
[Result "1-0"]
[WhiteElo "2508"]
[BlackElo "2328"]
[TimeControl "180+1"]
[EndTime "8:58:58 PDT"]
[Termination "GiorgianBarbosa won by checkmate"]

1. d4 Nf6 2. Nc3 g6 3. Bg5 Bg7 4. Nf3 d6 5. e4 O-O 6. h4 h5 7.
Bc4 Bg4 8. Qd2 c5 9. d5 a6 10. a4 Nbd7 11. Bh6 b5 12. Bxg7 Kxg7 13. Be2 b4 14. e5 Nxe5 15. Nd1 Nfd7 16. Ne3 Bxf3 17. gxf3 f5 18. Rg1 f4 19. Ng2 Rf5 20. Nxf4 Kh7 21. Ne6 Qe8 22. f4 Ng4 23. Bxg4 hxg4 24. Rxg4 Nf6 25. Rg5 Rxg5 26. hxg5 Nh5 27. Nc7 Qf8 28.
Nxa8 Qxa8 29. f5 gxf5 30. O-O-O Kg6 31. Re1 Qb7 32. Re6+ Kf7 33. Qd3 Ng7 34. Rh6 Qd7 35. g6+ Kf6 36. Qh3 Qxa4 37. Qh4+ Ke5 38. Qxe7+ Kxd5 39. Qxg7 Qa1+ 40. Kd2 Qf1 41. Qb7+ Kd4 42. Rh4+ Ke5 43.
Qe7+ Kd5 44. Qf7+ Kc6 45. Qe8+ Kb6 46. Qe2 Qg2 47. Rf4 Qg5 48. Qe3 Qxg6 49. Qf3 Qf6 50. Rxf5 Qd4+ 51. Qd3 Qxb2 52. Qxd6+ Ka5 53. Qxc5+ Ka4 54.
Qa5# 1-0

[Event "Early-Titled-Tuesday-Blitz-June-18-2024"]
[Site "Chess.com"]
[Date "2024.06.18"]
[Round "5"]
[White "vugarrasulov"]
[Black "Evan_Attaker"]
[Result "0-1"]
[WhiteElo "2958"]
[BlackElo "2711"]
[TimeControl "180+1"]
[EndTime "8:58:59 PDT"]
[Termination "Evan_Attaker won on time"]

1. a3 g6 2. e4 Bg7 3. Nf3 c5 4. Nc3 Nc6 5. b4 cxb4 6. axb4 Nxb4 7.
Ba3 Nc6 8. Bc4 d6 9. h3 Nf6 10. O-O O-O 11. d4 Nxe4 12. Nxe4 d5 13. Bd3 dxe4 14.
Bxe4 Nxd4 15. Nxd4 Qxd4 16. Qf3 Qf6 17. Bxb7 Qxf3 18.
Bxf3 Rb8 19. Bxe7 Bxa1 20. Bxf8 Bc3 21. Bd6 Rb2 22. Bc5 a5 23. Rd1 Kg7 24. Rd8 Be6 25. Bf8+ Kf6 26. g4 Rxc2 27. h4 g5 28. h5 Rd2 29.
Re8 Bb4 30. Kg2 Bxf8 31. Rxf8 a4 32. Ra8 Bb3 33. Ra6+ Ke5 34. h6 Rd6 35. Ra5+ Kd4 36. Rxg5 a3 37. Ra5 a2 38. g5 Rg6 39. Bh5 Rxg5+ 40.
Rxg5 a1=Q 41. Bf3 Qc1 42. Rb5 Bc4 43. Rh5 Qf4 44. Rh3 Qg5+ 45. Kh2 Be6 46. Rg3 Qxh6+ 47.
Kg1 Qf4 48. Bg2 Bd5 49. Bf1 h5 50. Rd3+ Ke5 51. Rh3 h4 52. Re3+ Kf6 53. Bh3 Be6 54. Bg2 h3 55. Bxh3 Qxe3 0-1